 Dungeon Crawl Stone Soup version 0.18-a0-1514-g6ed9364 (webtiles) character file.

56 Duffy the Shield-Bearer (level 4, -1/35 HPs)
             Began as a Formicid Fighter on Mar 6, 2016.
             Slain by Uberwunderbarhen's ghost (3 damage)
             ... on level 3 of the Dungeon.
             The game lasted 00:01:12 (1127 turns).

Duffy the Shield-Bearer (Formicid Fighter)          Turns: 1127, Time: 00:01:12

Health: -1/35      AC:  6    Str: 21    XL:     4   Next: 15%
Magic:  4/4        EV:  8    Int:  8    God:
Gold:   56         SH:  9    Dex: 10    Spells: 0 memorised, 3 levels left

rFire  . . .     SeeInvis +     a - +0 long sword
rCold  . . .     Gourm    .     b - +0 scale mail
rNeg   . . .     Faith    .     c - +0 shield
rPois  .         Spirit   .     (helmet unavailable)
rElec  .         Dismiss  .     (no cloak)
rCorr  .         Reflect  .     (no gloves)
SustAt .         Harm     .     (no boots)
MR     .....                    (no amulet)
Stlth  ..........               (no ring)
                                (no ring)

@: not resistant to hostile enchantments, extremely unstealthy
A: permanent stasis, dig shafts and tunnels, four strong arms, antennae 3
a: Dig, Shaft Self


You were on level 3 of the Dungeon.
You were not hungry.

You visited 1 branch of the dungeon, and saw 3 of its levels.

You collected 56 gold pieces.


Innate Abilities, Weirdness & Mutations

You are under a permanent stasis effect.
You can dig through walls and to a lower floor.
Your four strong arms can wield two-handed weapons with a shield.
You have a pair of large antennae on your head (SInv).


   Skills:
 - Level 3.2 Fighting
 + Level 3.4 Long Blades
 - Level 3.2 Armour
 + Level 4.5 Shields


You had 3 spell levels left.
You didn't know any spells.

Inventory:

Hand Weapons
 a - a +0 long sword (weapon)
Armour
 b - a +0 scale mail (worn)
 c - a +0 shield (worn)
Scrolls
 h - a scroll of identify {unknown}
 j - a scroll of recharging {unknown}
Potions
 d - a potion of might
 e - a potion of resistance {unknown}
 i - a potion of curing {unknown}
Comestibles
 f - a bread ration
 g - a meat ration

Dungeon Overview and Level Annotations

Branches:
Dungeon (3/15)

Altars:
Nemelex Xobeh

Annotations:
D:3 Uberwunderbarhen's ghost, amateur OpTm


Message History

Uberwunderbarhen's ghost is lightly damaged.
Uberwunderbarhen's ghost barely misses you.
You closely miss Uberwunderbarhen's ghost.
Uberwunderbarhen's ghost is lightly damaged.
Uberwunderbarhen's ghost hits you.
You block Uberwunderbarhen's ghost's attack.
You completely miss Uberwunderbarhen's ghost.
Uberwunderbarhen's ghost is lightly damaged.
Uberwunderbarhen's ghost hits you.
You closely miss Uberwunderbarhen's ghost.
Uberwunderbarhen's ghost is lightly damaged.
Uberwunderbarhen's ghost hits you.
You miss Uberwunderbarhen's ghost.
Uberwunderbarhen's ghost is lightly damaged.
You block Uberwunderbarhen's ghost's attack.
You miss Uberwunderbarhen's ghost.
Uberwunderbarhen's ghost is lightly damaged.
You block Uberwunderbarhen's ghost's attack. x2
You barely miss Uberwunderbarhen's ghost.
Uberwunderbarhen's ghost is lightly damaged.
Uberwunderbarhen's ghost closely misses you.
You miss Uberwunderbarhen's ghost.
Uberwunderbarhen's ghost is lightly damaged.
Uberwunderbarhen's ghost completely misses you.
Uberwunderbarhen's ghost hits you but does no damage.
You miss Uberwunderbarhen's ghost.
Uberwunderbarhen's ghost is lightly damaged.
Uberwunderbarhen's ghost hits you.
You hit Uberwunderbarhen's ghost.
Uberwunderbarhen's ghost is moderately damaged.
Uberwunderbarhen's ghost closely misses you.
You completely miss Uberwunderbarhen's ghost.
Uberwunderbarhen's ghost is moderately damaged.
Uberwunderbarhen's ghost hits you.
You die...

.....##..................
#.....#.#.#####...#......
..........#####.......##.
#.................###.##.
##...#..######....# #....
............##.#..###....
.##.##.#.......<.........
.#.##.#.##.##.#..#......
#......@# ##.##.#.##.##
##.#...W# #.#.##.#
#..#..# #.#.##.# #.#....#
..#.##.# #.###....#
###.##(## . #.#}.}.#
#...... ...._.. ####...
#.#}.}## #..#
###$#...###. ..#####...


You could see Uberwunderbarhen's ghost.

Action                   |  1- 3 |  4- 6 || total
-------------------------+-------+-------++-------
Melee: Long sword        |    97 |    28 ||   125
  Eat: Chunk             |       |     1 ||     1

Notes
Turn   | Place    | Note
--------------------------------------------------------------
     0 | D:1      | Duffy the Formicid Fighter began the quest for the Orb.
     0 | D:1      | Reached XP level 1. HP: 18/18 MP: 1/1
   261 | D:1      | Reached skill level 4 in Shields
   261 | D:1      | Reached XP level 2. HP: 24/24 MP: 2/2
   418 | D:2      | Reached XP level 3. HP: 27/29 MP: 3/3
   505 | D:3      | Found a sparkling altar of Nemelex Xobeh.
   516 | D:3      | Reached skill level 3 in Long Blades
   839 | D:3      | Noticed Uberwunderbarhen's ghost (amateur OpTm)
  1089 | D:3      | Reached XP level 4. HP: 32/35 MP: 4/4
  1127 | D:3      | Slain by Uberwunderbarhen's ghost

Vault maps used:
D:1:      minmay_arrival_stone_box, lemuel_flame_loot_1
D:2:      ecumenical_altar_1
D:3:      nemelex_xobeh_ov_fountains_minmay, nicolae_overflow_hidden_temple,
          uniq_iyjb

Vanquished Creatures
  2 adders
  3 dart slugs
  2 giant cockroaches
  3 goblins
  3 hobgoblins
  3 jackals
  4 kobolds
  3 quokkas
  A ball python
  5 bats
  3 rats
32 creatures vanquished.
